 Dungeon Crawl Stone Soup version 0.31-a0-836-g3ceb0a68c4 (webtiles) character file.

Game seed: 2666995992066377464

8194 demibob the Spear-Bearer (level 11, -8/97 HPs)
             Began as a Red Draconian Chaos Knight on Sept 26, 2023.
             Was a Plaything of Xom.
             Mangled by a sixfirhy (11 damage)
             ... on level 1 of the Abyss on Sept 27, 2023.
             The game lasted 00:15:48 (8463 turns).

demibob the Spear-Bearer (DrCK)                     Turns: 8463, Time: 00:15:49

Health: -8/97      AC: 15    Str: 15    XL:     11   Next: 6%
Magic:  9/9        EV: 15    Int: 13    God:    Xom [......]
Gold:   418        SH:  0    Dex: 14    Spells: 10/10 levels left

rFire   + . .        a - +4 trident (drain)
rCold   . . .        (no shield)
rNeg    . . .        (body armour unavailable)
rPois   +            (helmet restricted)
rElec   .            q - +2 cloak
rCorr   .            (no gloves)
SInv    .            n - +0 pair of boots
Will    .....        (no amulet)
Stlth   +            Y - +4 ring of slaying
HPRegen 0.36/turn    T - +4 ring of protection
MPRegen 0.11/turn

%: no passive effects
@: no status effects
A: breathe fire, AC +7, unfitting armour, fire resistance 1, cold-blooded,
antennae 1, stinger 1, talons 1, low MP 1, poison resistance
a: Breathe Fire, Renounce Religion


You were on level 1 of the Abyss.
You worshipped Xom.
You were a very special plaything of Xom.
You visited 1 branch of the dungeon, and saw 10 of its levels.
You visited the Abyss 1 time.

You collected 418 gold pieces.


Innate Abilities, Weirdness & Mutations

You can breathe blasts of fire.
Your fiery red scales are hard. (AC +7)
You cannot fit into any form of body armour.
Your flesh is heat resistant. (rF+)
You are cold-blooded and may be slowed by cold attacks.
You have a pair of small antennae on your head.
Your tail ends in a venomous barb.
You have sharp toenails.
Your magical capacity is low. (-10% MP)
Your system is resistant to poisons. (rPois)


   Skills:
 + Level 9.0 Fighting
 + Level 13.6 Polearms
 + Level 7.2 Dodging


You had 10 spell levels left.
You didn't know any spells.
Your spell library contained the following spells:

 Spells                   Type           Power      Damage    Failure   Level
 Foxfire                  Conj/Fire      0%         2x1d4     30%         1
 Sting                    Tmut/Pois      0%         1d3       30%         1
 Lesser Beckoning         Tloc           0%         N/A       43%         2
 Poisonous Vapours        Pois/Air       0%         N/A       43%         2
 Dazzling Flash           Conj/Hex       0%         N/A       67%         3
 Gell's Gravitas          Tloc           0%         N/A       67%         3
 Teleport Other           Tloc           0%         N/A       67%         3
 Tukima's Dance           Hex            0%         N/A       67%         3
 Volatile Blastmotes      Fire/Tloc      0%         2d10      67%         3
 Olgreb's Toxic Radiance  Pois           0%         N/A       97%         4
 Passage of Golubria      Tloc           0%         N/A       97%         4
 Yara's Violent Unravell  Hex/Tmut       0%         3d3       100%        5
 Plasma Beam              Fire/Air       0%         2x1d10    100%        6
 Starburst                Conj/Fire      0%         6d3       100%        6
 Discord                  Hex            0%         N/A       100%        8
 Ignition                 Fire           0%         3d3       100%        8
 Maxwell's Capacitive Co  Air            0%         ∞         100%        8

Inventory:

Hand Weapons
 a - a +4 trident of draining (weapon)
 i - a +1 spear of chaos
Missiles
 g - a throwing net {=f}
Armour
 n - a +0 pair of boots (worn)
 q - a +2 cloak (worn)
Jewellery
 c - a ring of protection from cold
 C - a ring of ice
 D - a +6 ring of dexterity
 T - a +4 ring of protection (right hand)
 Y - a +4 ring of slaying (left hand)
Wands
 j - a wand of flame (59)
 m - a wand of mindburst (4)
 u - a wand of paralysis (7)
 x - a wand of iceblast (5)
Scrolls
 b - 6 scrolls of teleportation {@r2}
 f - 3 scrolls of amnesia
 k - 2 scrolls of fog
 v - a scroll of enchant armour
 w - 3 scrolls of vulnerability
Potions
 d - 4 potions of attraction
 e - 3 potions of mutation
 h - 2 potions of brilliance
 l - a potion of haste {@q3}
 r - a potion of cancellation
 t - 2 potions of enlightenment

Dungeon Overview and Level Annotations

Branches:
Dungeon (10/15)            Temple (0/1) D:4            Lair (0/5) D:10
    Orc: D:9-12

Altars:
Kikubaaqudgha
Trog
Yredelemnul
Zin

Shops:
D:2 ::=

Annotations:
Abyss:1 Robin

.. .▒ ▒# ..
░.▓ ▒▒▒▒#.
▒.▓ ...#. ▒▒
▒.▓#.#.▒..▒..
░..{#.......
▒3#▒...#
▓.#@##░...#
{░#..▒ ▒E..
.. #.░▒ # ░
#. {.▓. ▓..▒.
.▒ ##.#░ ▒▒
#▒


You could see a sixfirhy.


Message History

* * * LOW HITPOINT WARNING * * *
Okay, then.
Okay, then.
Blink to where?
Press: ? - help, Dir - move target
As you read the scroll of blinking, it crumbles to dust.
The smoke demon gestures at you. Something smites you!
* * * LOW HITPOINT WARNING * * *
Okay, then.
You are suddenly pulled into a different region of the Abyss!
You start resting.
You have got your breath back.
Your cleaving frenzy subsides.
Unknown command.
You start resting.
An earth elemental comes into view.
You start resting.
You sense a monster nearby.
You start resting.
A sixfirhy comes into view.
The sixfirhy hits you.
* * * LOW HITPOINT WARNING * * *
The sixfirhy shocks you!
* * * LOW HITPOINT WARNING * * *
The sixfirhy misses you. The sixfirhy hits you.
* * * LOW HITPOINT WARNING * * *
The sixfirhy shocks you!
You die...
Xom chortles!

Skill      XL: |  1  2  3  4  5  6  7  8  9 10 11 |
---------------+----------------------------------+-----
Polearms       | 4 6 7 8 10 12 13 | 13.6
Fighting       | 6 8 9 |  9.0
Dodging        | 5 7 |  7.2

Action                     |  1- 3 |  4- 6 |  7- 9 | 10-12 || total
---------------------------+-------+-------+-------+-------++-------
  Melee: Spear             |    85 |    99 |   267 |       ||   451
         Tailslap          |     5 |    10 |    50 |    24 ||    89
         Kick              |       |    23 |    26 |       ||    49
         Punch             |       |       |     2 |     2 ||     4
         Trident           |       |       |   114 |   162 ||   276
Ability: Breathe Fire      |       |       |    17 |     5 ||    22
    Use: Scroll            |     6 |       |    10 |     9 ||    25
         Potion            |     3 |       |     1 |     6 ||    10
   Stab: Distracted        |     1 |       |     1 |       ||     2
         Sleeping          |       |     2 |     4 |     1 ||     7
         Confused          |       |       |     1 |       ||     1
         Invisible         |       |       |       |     3 ||     3
 Armour: Skin              |    26 |    34 |   112 |   106 ||   278
  Dodge: Dodged            |    31 |    36 |   121 |   101 ||   289

Levels and vault maps discovered:
D:1:      wander_arrival_peaceful_grave, layout_rooms, serial_park_tiny_2
D:2:      layout_basic, basic_altar, serial_shops, shop_statue, shop, shop,
          hex_medium, uniq_sigmund
D:3:      layout_rooms, mainiacjoe_overflow_cross_hatched,
          gammafunk_ghost_mausoleum, roderic_roman_lattice, uniq_grinder,
          uniq_robin
D:4:      layout_basic, temple_hall, uniq_duvessa
D:5:      layout_loops_ring
D:6:      layout_basic, reono_crystal_passage, uniq_maggie, uniq_jeremiah,
          uniq_crazy_yiuf_cottage
D:7:      layout_cave_pools
D:8:      layout_gridville, mainiacjoe_overflow_tiny_flanked,
          serial_bayou_crossing
D:9:      layout_cave_pools, zin_angel
D:10:     layout_long_grid, lair_entry_dummy
Abyss:1:  base:
Temple

Notes
Turn   | Place    | Note
-------+----------+-------------------------------------------
     0 | D:1      | demibob the Draconian Chaos Knight began the quest for the
                  | Orb.
     0 | D:1      | Reached XP level 1. HP: 19/19 MP: 1/1
   132 | D:1      | Reached XP level 2. HP: 25/26 MP: 2/2
   441 | D:2      | Reached skill level 4 in Polearms
   594 | D:2      | Found Hamaenta's Book Emporium.
   627 | D:2      | Reached XP level 3. HP: 28/31 MP: 3/3
   715 | D:2      | Found Boaforphaysm's Book Emporium.
   727 | D:2      | Found Cyixt's Jewellery Boutique.
   812 | D:2      | Noticed Sigmund
   824 | D:2      | XOM: silly message
   827 | D:2      | Xom revived you
   828 | D:2      | Gained mutation: Your magical capacity is low. (-10% MP)
                  | [potion of mutation]
   828 | D:2      | Gained mutation: You have large cloven feet. [potion of
                  | mutation]
   828 | D:2      | Gained mutation: You have a pair of small antennae on your
                  | head. [potion of mutation]
   828 | D:2      | Gained mutation: Your muscles are strong. (Str +4, Int/Dex
                  | -1) [potion of mutation]
   828 | D:2      | XOM: potion effect (invisibility)
   848 | D:2      | XOM: summons friendly ufetubus
   858 | D:2      | Killed Sigmund
   859 | D:2      | Reached skill level 6 in Polearms
   859 | D:2      | Reached XP level 4. HP: 14/38 MP: 3/3
   859 | D:2      | Reached XP level 5. HP: 17/45 MP: 4/4
  1280 | D:2      | XOM: divination: detect items
  1298 | D:2      | Found a basalt altar of Yredelemnul.
  1368 | D:3      | Noticed Grinder
  1371 | D:3      | XOM: potion effect (attraction)
  1377 | D:3      | Killed Grinder
  1378 | D:3      | Reached skill level 7 in Polearms
  1378 | D:3      | Reached XP level 6. HP: 21/51 MP: 5/5
  1496 | D:3      | Noticed Robin
  1520 | D:3      | Banished Robin
  1681 | D:3      | Found a transporter.
  1735 | D:3      | Found an ancient bone altar of Kikubaaqudgha.
  1763 | D:3      | Reached skill level 8 in Polearms
  1806 | D:3      | XOM: silly message
  1867 | D:3      | XOM: silly message
  1871 | D:3      | Your scales start taking on a fiery red colour.
  1871 | D:3      | Reached XP level 7. HP: 57/57 MP: 6/6
  1871 | D:3      | Gained mutation: Your flesh is heat resistant. (rF+) [Red
                  | Draconian growth]
  2063 | D:3      | Noticed ratmeat3's ghost (amateur TrFi)
  2066 | D:3      | Found a transporter.
  2202 | D:3      | Killed ratmeat3's ghost
  2283 | D:4      | Reached skill level 9 in Polearms
  2317 | D:4      | XOM: silly message
  2323 | D:4      | XOM: confuse monster(s)
  2588 | D:4      | Found a staircase to the Ecumenical Temple.
  3129 | D:4      | Noticed Duvessa
  3129 | D:4      | Noticed Dowan
  3132 | D:4      | XOM: enchant monster (good)
  3139 | D:4      | Killed Duvessa
  3140 | D:4      | Reached skill level 10 in Polearms
  3140 | D:4      | Reached XP level 8. HP: 60/63 MP: 7/7
  3173 | D:4      | Killed Dowan
  3470 | D:5      | Entered Level 5 of the Dungeon
  3547 | D:5      | XOM: divination: detect creatures
  3549 | D:5      | XOM: divination: detect items
  3649 | D:5      | Reached skill level 11 in Polearms
  3690 | D:5      | XOM: cloud trail
  4023 | D:5      | XOM: summons friendly iron imp
  4183 | D:6      | XOM: cast spell 'Summon Ice Beast'
  4236 | D:6      | Noticed Maggie
  4252 | D:6      | Killed Maggie
  4253 | D:6      | Reached skill level 12 in Polearms
  4365 | D:6      | XOM: give mutation
  4365 | D:6      | Lost mutation: Your muscles are strong. (Str +4, Int/Dex
                  | -1) [Xom's mischief]
  4374 | D:6      | Reached XP level 9. HP: 71/71 MP: 8/8
  4406 | D:6      | XOM: scenery: 2 doors open
  4427 | D:6      | XOM: summons 2 hostile demons
  4469 | D:6      | Reached skill level 4 in Fighting
  4528 | D:6      | Noticed Jeremiah
  4532 | D:6      | XOM: silly message
  4556 | D:6      | XOM: confusion
  4565 | D:6      | Killed Jeremiah
  4566 | D:6      | Reached skill level 3 in Dodging
  4703 | D:6      | XOM: noise
  4761 | D:6      | Reached skill level 5 in Fighting
  4853 | D:6      | Found a runed translucent door.
  4854 | D:6      | Noticed Crazy Yiuf
  5103 | D:6      | Reached skill level 4 in Dodging
  5148 | D:6      | Killed Crazy Yiuf
  5485 | D:7      | XOM: potion effect (curing)
  5524 | D:7      | XOM: give mutations
  5524 | D:7      | Lost mutation: You have large cloven feet. [Xom's mischief]
  5524 | D:7      | Gained mutation: You have sharp toenails. [Xom's mischief]
  5524 | D:7      | Gained mutation: Your system is resistant to poisons.
                  | (rPois) [Xom's mischief]
  5524 | D:7      | Gained mutation: Your tail ends in a venomous barb. [Xom's
                  | mischief]
  5630 | D:7      | Reached skill level 6 in Fighting
  5892 | D:7      | XOM: noise
  6071 | D:8      | Found a bloodstained altar of Trog.
  6101 | D:8      | XOM: 2-stop teleportation journey
  6182 | D:8      | XOM: polymorph howler monkey -> hound
  6313 | D:8      | Reached skill level 5 in Dodging
  6563 | D:8      | XOM: potion effect (might)
  6781 | D:8      | Reached XP level 10. HP: 84/84 MP: 9/9
  6888 | D:9      | Identified the +5 sling of Rosi {heavy, SInv}
  6925 | D:9      | Reached skill level 7 in Fighting
  7074 | D:9      | XOM: fog
  7082 | D:9      | Reached skill level 13 in Polearms
  7084 | D:9      | Reached skill level 6 in Dodging
  7302 | D:9      | Found a glowing silver altar of Zin.
  7302 | D:9      | Noticed an angel
  7341 | D:10     | Entered Level 10 of the Dungeon
  7363 | D:10     | XOM: silly message
  7494 | D:10     | Found a staircase to the Lair.
  7568 | D:10     | XOM: potion effect (invisibility)
  7590 | D:10     | Reached skill level 8 in Fighting
  7701 | D:10     | XOM: silly message
  7778 | D:10     | XOM: potion effect (berserk rage)
  7814 | D:10     | XOM: 2-stop teleportation journey
  7815 | D:10     | Reached skill level 7 in Dodging
  8079 | D:10     | XOM is BORED!
  8079 | D:10     | XOM: summons 4 hostile shadow creatures
  8197 | D:10     | XOM: summons 4 hostile demons
  8202 | D:10     | You are cast into the Abyss!
  8202 | Abyss:1  | Cast into level 1 of the Abyss (chaos spawn)
  8270 | Abyss:1  | Reached XP level 11. HP: 64/95 MP: 9/9
  8394 | Abyss:1  | Noticed a large abomination
  8412 | Abyss:1  | Killed a large abomination
  8412 | Abyss:1  | Noticed a reaper
  8413 | Abyss:1  | Reached skill level 9 in Fighting
  8416 | Abyss:1  | XOM: cleaving
  8423 | Abyss:1  | HP: 4/97 [smoke demon/divine providence (13)]
  8463 | Abyss:1  | Noticed a sixfirhy
  8463 | Abyss:1  | HP: 6/97 [sixfirhy (9)]
  8463 | Abyss:1  | Mangled by a sixfirhy

Vanquished Creatures
  A large abomination (Abyss:1)
  Jeremiah (D:6)
  Maggie (D:6)
  An ancient zyme (Abyss:1)
  A troll (D:10)
  Grinder (D:3)
  A hornet (D:9)
  18 yaks
  A wyvern (D:8)
  A steam dragon (D:8)
  2 water moccasins
  Duvessa (D:4)
  A hell hound (Abyss:1)
  The ghost of ratmeat3 the Ruffian, an amateur TrFi (D:3)
  A sky beast (D:7)
  4 orc warriors
  4 centaurs
  A phantom (D:4)
  A kobold brigand (D:9)
  6 bullfrogs
  3 scorpions
  Dowan (D:4)
  6 killer bees
  A bullfrog zombie (D:3)
  A centaur skeleton (D:3)
  A gnoll bouda (D:8)
  6 hounds
  2 jellies
  Crazy Yiuf (D:6)
  7 orc priests
  A bullfrog skeleton (D:3)
  3 iguanas
  3 orc wizards (D:6)
  7 adders
  12 gnolls
  3 shadow imps (D:5)
  A white imp (D:7)
  4 worms
  3 dart slugs
  18 orcs
  5 ball pythons
  5 bats
  9 endoplasms
  4 giant cockroaches
  11 goblins (D:3)
  9 hobgoblins
  7 jackals
  2 quokkas
  3 frilled lizards (D:1)
  9 kobolds
  5 rats
202 creatures vanquished.

Vanquished Creatures (collateral kills)
  Sigmund (D:2)
  An adder (D:2)
2 creatures vanquished.

Grand Total: 204 creatures vanquished

Table legend: (Time is in decaauts)
 A = Elapsed time spent in this place.
 B = Non-inter-level travel time spent in this place.
 C = Inter-level travel time spent in this place.
 D = Time resting spent in this place.
 E = Time spent auto-exploring this place.
 F = Levels seen in this place.
 G = Mean time per level.
                   A        B        C        D        E       F      G
               +--------+--------+--------+--------+--------+-----+--------+
         Total |   8227 |   7900 |    327 |    361 |   6261 |  11 |  747.9 |
       Dungeon |   7975 |   7648 |    327 |    213 |   6261 |  10 |  797.5 |
         Abyss |    251 |    251 |      0 |    147 |      0 |   1 |  251.0 |
               +--------+--------+--------+--------+--------+-----+--------+

Top non-repeatable levels by time:
     D:4: 1155 daAuts
     D:6: 1070 daAuts
     D:2: 945 daAuts
     D:3: 879 daAuts
    D:10: 843 daAuts
     D:8: 841 daAuts
     D:7: 682 daAuts
     D:5: 670 daAuts
     D:9: 484 daAuts
     D:1: 402 daAuts
 Abyss:1: 251 daAuts

Table legend:
 A = Non-vault XP
 B = Vault XP
 C = Vault XP percentage of total XP
 D = Non-vault monster count
 E = Vault monster count
 F = Vault count percentage of total count
                 A         B        C        D         E       F
            +---------+---------+-------+---------+---------+-------
      Total |    9886 |    1821 |  15.6 |     183 |      22 |  10.7
            +---------+---------+-------+---------+---------+-------
        D:1 |      24 |       0 |   0.0 |      15 |       0 |   0.0
        D:2 |      65 |     226 |  77.7 |      20 |       1 |   4.8
        D:3 |     115 |     575 |  83.3 |      20 |      16 |  44.4
        D:4 |     434 |     218 |  33.4 |      27 |       2 |   6.9
        D:5 |     539 |       0 |   0.0 |      14 |       0 |   0.0
        D:6 |     921 |     802 |  46.5 |      21 |       3 |  12.5
        D:7 |    1001 |       0 |   0.0 |      17 |       0 |   0.0
        D:8 |     664 |       0 |   0.0 |      13 |       0 |   0.0
        D:9 |    1995 |       0 |   0.0 |      18 |       0 |   0.0
       D:10 |    2916 |       0 |   0.0 |      15 |       0 |   0.0
    Abyss:1 |    1212 |       0 |   0.0 |       3 |       0 |   0.0
            +---------+---------+-------+---------+---------+-------
